← All builds
Pond / Armada / Economy first / OBSERVED BUILD

Gunslinger buy

Armada Pond build order · Supreme Isthmus

Pond pays Tech for Gunslinger skirmish bots delivered around 5:03 to reinforce front, but the example shows it coming after the front already collapsed.

#team support · 39 distinct matches · 21 players · 4% of Armada Pond games · team won 38% of 39 · Recently observed

THE CATCH, AND WHAT COMES WITH IT
  • GunslingerGunslinger from Tech arrives 5:03 · 3% of role by thenTech makes it and hands it over.

Paid for by sending allies about 630 metal and 13,000 energy by 5:00; standard pond sends 180 metal and 9,500 energy.

Where those units first fight, in 36 games with kill data: in the middle 86%, on their own side 14%.

Those units destroy a typical 1,480 metal of enemy units by 15:00.

Then transitions into tick (23% of army), centurion (12% of army), pawn (11% of army).

Phase by phase

TYPICAL OF ITS 39 GAMES · AGAINST STANDARD POND
  1. 1
  2. 2
PLAY THE OPENING

Follow the example game's first 6:03 step by step: what to build now, what comes next, and where it goes. At 1× it keeps pace with your own game.

  1. 1

    Up to the Bot Lab

    Economy
    • Metal Extractor4Mex
    • Tidal Generator8Tidalfor allies
    • Wind Turbine6Wind
    • Tidal Generator1Tidal
    • Energy Storage1Energy storage
    Order
    1. Bot LabBot Lab after 4 mex, 6 wind, 1 energy storagedone ~4:20, middle half 3:23–8:14

    Some games also: converter (44%)

    By 4:03 in all: 4 mex · 6 wind · 1 tidal · 1 energy storage

    The example game in this phase · 7 steps
    1. Tidal ×8for Suicide front
    2. Tidal ×4
    3. Mex ×4
    4. Wind ×6
    5. Energy storage
    6. Converter ×6
    7. Bot LabBot Labdone 5:29 · typical 4:20
  2. 2

    Bot Lab to 10:00

    Economy
    • Wind Turbine16Wind−13 vs standard
    • Energy Converter1Converter−5 vs standard
    Builders
    • Construction Bot3 Con bot

    Some games also: con turret (49%) · Lazarus (44%) · tick (31%)

    The standard build makes here, this one skips: 2 con turret

    By 10:00 in all: 4 mex · 36 wind · 1 tidal · 6 converter · 1 energy storage · 1 con turret

    The example game in this phase · 170 steps
    1. Construction BotCon bot ×3
    2. SentrySentry
    3. CenturionCenturion
    4. SentrySentry ×2
    5. CenturionCenturion
    6. SentrySentry
    7. CenturionCenturion ×2
    8. SentrySentry
    9. Mex
    10. CenturionCenturion ×2
    11. Mex
    12. CenturionCenturion
    13. Radar TowerRadar Tower
    14. PawnPawn ×2
    15. CenturionCenturion
    16. Mex
    17. CenturionCenturion ×3
    18. Mex
    19. CenturionCenturion ×2
    20. Mex
    21. CenturionCenturion
    22. Mex
    23. Construction BotCon bot ×2
    24. Mex
    25. Construction BotCon bot
    26. Mex
    27. Construction BotCon bot ×3
    28. Mex ×2
    29. Construction BotCon bot
    30. Radar TowerRadar Tower
    31. SentrySentry
    32. Construction BotCon bot
    33. Wind
    34. Construction BotCon bot
    35. Wind ×2
    36. Dragon's TeethDragon's Teeth ×2
    37. Wind
    38. Dragon's TeethDragon's Teeth
    39. Construction BotCon bot
    40. Dragon's TeethDragon's Teeth
    41. Wind
    42. Dragon's TeethDragon's Teeth ×4
    43. Wind
    44. Dragon's TeethDragon's Teeth
    45. Wind
    46. Dragon's TeethDragon's Teeth
    47. Con turret
    48. Dragon's TeethDragon's Teeth ×2
    49. Wind
    50. Dragon's TeethDragon's Teeth
    51. Wind
    52. Advanced Metal ExtractorT2 mexdone 11:57 · typical 9:20
    53. Wind ×3
    54. Radar TowerRadar Tower
    55. Con turret
    56. Wind ×8
    57. Con turret
    58. Wind ×3
    59. Advanced Metal ExtractorT2 mex
    60. Wind
    61. Con turret
    62. Wind ×3
    63. Con turret
    64. Wind ×4
    65. Con turret
    66. Dragon's TeethDragon's Teeth
    67. Wind
    68. Dragon's TeethDragon's Teeth
    69. Wind
    70. Dragon's TeethDragon's Teeth
    71. Wind
    72. Dragon's TeethDragon's Teeth
    73. Wind
    74. Dragon's TeethDragon's Teeth ×2
    75. Con turret
    76. Wind
    77. Dragon's TeethDragon's Teeth ×2
    78. Wind
    79. Dragon's TeethDragon's Teeth
    80. Wind
    81. Advanced Metal ExtractorT2 mex
    82. Wind
    83. Dragon's TeethDragon's Teeth ×3
    84. Wind
    85. Dragon's TeethDragon's Teeth
    86. Con turret
    87. Wind
    88. Dragon's TeethDragon's Teeth
    89. Wind
    90. Dragon's TeethDragon's Teeth
    91. Wind
    92. Advanced Metal ExtractorT2 mex
    93. Wind
    94. Dragon's TeethDragon's Teeth
    95. Wind ×2
    96. Dragon's TeethDragon's Teeth
    97. Wind ×4
    98. Dragon's TeethDragon's Teeth
    99. Wind
    100. SentrySentry
    101. Vehicle PlantVehicle Plantdone 13:40
    102. Dragon's TeethDragon's Teeth
    103. Wind ×4
    104. Dragon's TeethDragon's Teeth
    105. SentrySentry
    106. Wind ×2
    107. Dragon's TeethDragon's Teeth
    108. Wind ×2
    109. Dragon's TeethDragon's Teeth
    110. Advanced Metal ExtractorT2 mex
    111. Wind
    112. SentrySentry
    113. Wind
    114. Dragon's TeethDragon's Teeth
    115. Wind
    116. Dragon's TeethDragon's Teeth
    117. Wind ×3
    118. Dragon's TeethDragon's Teeth
    119. SentrySentry
    120. Wind
    121. Construction VehicleCon vehicle
    122. Wind ×3
    123. Dragon's TeethDragon's Teeth ×2
    124. Wind
    125. Advanced Vehicle PlantAdvanced Vehicle Plantnot finished by 15:00
    126. Wind ×3
    127. Con turret
    128. Dragon's TeethDragon's Teeth
    129. SentrySentry
    130. Con turret
    131. Wind ×2
    132. Dragon's TeethDragon's Teeth
    133. Wind ×2
    134. Con turret
    135. Wind ×4
    136. SentrySentry
    137. Con turret
    138. Dragon's TeethDragon's Teeth
    139. Wind ×4
    140. Dragon's TeethDragon's Teeth
    141. BlitzBlitz
    142. Dragon's TeethDragon's Teeth
    143. Wind
    144. SentrySentry
    145. Wind ×2
    146. Dragon's TeethDragon's Teeth
    147. Wind
    148. Con turret
    149. Wind
    150. Dragon's TeethDragon's Teeth
    151. Advanced Metal ExtractorT2 mex
    152. Wind ×3
    153. Con turret
    154. Dragon's TeethDragon's Teeth
    155. BlitzBlitz
    156. Wind
    157. Dragon's TeethDragon's Teeth
    158. Wind ×3
    159. Dragon's TeethDragon's Teeth
    160. Wind ×2
    161. Dragon's TeethDragon's Teeth
    162. Wind ×2
    163. Dragon's TeethDragon's Teeth
    164. Wind ×4
    165. Dragon's TeethDragon's Teeth ×2
    166. Advanced Metal ExtractorT2 mex
    167. Wind ×2
    168. Con turret
    169. Wind
    170. BlitzBlitz

Counts are medians over the build's games: half of them build more, half fewer. The example game is Viltrum's (44 OS, 27/08/2026); pick another.

Team trades

IN AT LEAST 30% OF ITS GAMES

You hand over

  • Tidal Generator8 Tidal to Suicide front or Frontfirst at 0:10 · in 100% of games

You get

  • Hercules1 Light transport from Air or Techfirst at 4:25 · in 33% of games
  • Gunslinger1 Gunslinger from Techfirst at 5:03 · in 100% of games
  • Advanced Construction Bot1 T2 con bot from Techfirst at 7:39 · in 97% of games

How it plays out

Typical game of this build against the role’s standard build, running totals by minute

  • This build
  • Standard pond

Metal produced

010k20k30k
0:005:0010:0015:00

metal

Enemy metal destroyed

02k4k6k
0:005:0010:0015:00

metal

Own metal lost

02k4k6k
0:005:0010:0015:00

metal

Metal sent to allies

01k2k
0:005:0010:0015:00

metal

Energy sent to allies

025k50k75k
0:005:0010:0015:00

metal

39 games.

Show as table
ByMetal produced: This buildMetal produced: Standard pondEnemy metal destroyed: This buildEnemy metal destroyed: Standard pondOwn metal lost: This buildOwn metal lost: Standard pondMetal sent to allies: This buildMetal sent to allies: Standard pondEnergy sent to allies: This buildEnergy sent to allies: Standard pond
1:0011511500000013211246
2:0026827800000028572552
3:0077582600000054683993
4:00144715060000361079786169
5:00218522340000627184134539516
6:00289230531300007333991766414127
7:0038313980684012909035222046716808
8:004929496214012783788610155912634721320
9:0061786223233555165027012766322742522939
10:00752676952584764106839215306373246926552
11:00955797133062940130468817257433487530310
12:001162412311318212861722107817257854581231879
13:001380014783458717832075160417948335504934636
14:001607517678466122764076224617949565771237771
15:001887320172531428454780303817949926003141211
THE EXAMPLE YOU ARE READING

Viltrum

43.6 OS · 27/08/2026

Open source match ↗

45 received units · includes a constructor
810 metal received · 117251 energy received

Allied construction assistance is unknown. Timings are observations, not a promise of solo reproducibility.

Typical milestones

Bot Lab4:20Middle 50%: 3:23–8:14 · n=39
Advanced Metal Extractor9:20Middle 50%: 8:40–10:16 · n=36

Played most by

Viltrum9games of this buildDeathkebab4games of this buildChaoticNoob3games of this buildGeeGee3games of this buildmaccommander3games of this build